 Dungeon Crawl Stone Soup version 0.30-a0-283-gf371ce1921 (webtiles) character file.

Game seed: 8393634932832197932

4639 Harunobu the Fighter (level 10, -3/94 HPs)
             Began as a Minotaur Monk on Oct 17, 2022.
             Was a Believer of the Shining One.
             Slain by an orc warrior
             ... wielding a +0 halberd
              (8 damage)
             ... on level 9 of the Dungeon.
             The game lasted 00:19:36 (9174 turns).

Harunobu the Fighter (Minotaur Monk)                Turns: 9174, Time: 00:19:37

Health: -3/94      AC:  9    Str: 18    XL:     10   Next: 20%
Magic:  9/9        EV: 14    Int:  7    God:    the Shining One [**....]
Gold:   418        SH:  7    Dex: 15    Spells: 9/9 levels left

rFire   . . .      SeeInvis .    L - +1 hand axe (vorpal)
rCold   . . .      Faith    .    P - +0 kite shield
rNeg    + . .      Spirit   .    S - +0 acid dragon scales
rPois   +          Reflect  .    (helmet restricted)
rElec   .          Harm     .    v - +1 cloak
rCorr   +          Rampage  .    (no gloves)
Will    .....                    N - +0 pair of boots
Stlth   ++........               j - amulet of regeneration
HPRegen 1.15/turn                o - ring of poison resistance
MPRegen 0.11/turn                (no ring)

@: glowing
A: horns 2, retaliatory headbutt
a: Renounce Religion, Divine Shield


You were on level 9 of the Dungeon.
You worshipped the Shining One.
The Shining One was pleased with you.
You visited 2 branches of the dungeon, and saw 10 of its levels.

You collected 556 gold pieces.
You spent 138 gold pieces at shops.

Inventory:

Hand Weapons
 t - a +0 whip
 u - a +3 quarterstaff of chaos
 J - a +1 dagger of protection
 L - a +1 vorpal hand axe (weapon)
 M - a +1 whip of flaming
Armour
 f - a +0 chain mail
 v - a +1 cloak (worn)
 y - a +0 plate armour
 B - a +0 chain mail of cold resistance
 N - a +0 pair of boots (worn)
 P - a +0 kite shield (worn)
 S - +0 acid dragon scales (worn)
Jewellery
 d - a ring of magical power
 j - an amulet of regeneration (around neck)
 o - a ring of poison resistance (left hand)
 E - a ring of ice
 O - a ring of fire
Wands
 w - a wand of polymorph (6)
 F - a wand of mindburst (11)
 R - a wand of flame (14)
Scrolls
 a - 2 scrolls of fear {unknown}
 e - 3 scrolls of identify
 m - 6 scrolls of teleportation {unknown}
 p - 4 scrolls of vulnerability {unknown}
 q - 2 scrolls of brand weapon
 s - a scroll of amnesia {unknown}
 C - a scroll of enchant armour {unknown}
 D - a scroll of fog {unknown}
 G - a scroll of noise {unknown}
 H - a scroll of acquirement {unknown}
 I - a scroll of poison {unknown}
Potions
 b - 3 potions of resistance
 c - 4 potions of ambrosia
 g - a potion of curing
 h - 2 potions of berserk rage {unknown}
 i - 2 potions of heal wounds
 k - 3 potions of mutation {unknown}
 l - 2 potions of brilliance {unknown}
 n - 4 potions of flight {unknown}
 r - 4 potions of magic
 x - 3 potions of cancellation {unknown}
 z - a potion of degeneration {unknown}
 A - 2 potions of might {unknown}
 K - a potion of attraction {unknown}
 Q - a potion of invisibility {unknown}


   Skills:
 + Level 10.9 Fighting
 - Level 3.6 Axes
 + Level 10.1 Dodging
 + Level 8.1 Stealth


You had 9 spell levels left.
You didn't know any spells.
Your spell library contained the following spells:

 Spells                   Type           Power      Damage    Failure   Level
 Cigotuvi's Dreadful Rot  Necr/Pois/Air  0%         N/A       98%         2
 Poisonous Vapours        Pois/Air       0%         N/A       98%         2
 Ignite Poison            Fire/Tmut/Pois 0%         N/A       100%        3
 Kindle Blastsparks       Fire/Tloc/Air  0%         2d10      100%        3
 Mephitic Cloud           Conj/Pois/Air  0%         N/A       100%        3
 Freezing Cloud           Conj/Ice/Air   0%         6-21      100%        5


Dungeon Overview and Level Annotations

Branches:
Dungeon (9/15)             Temple (1/1) D:7
   Lair: D:8-11         Orc: D:9-12

Altars:
Dithmenos
Fedhas
Gozag
Hepliaklqana
Kikubaaqudgha
Makhleb
Nemelex Xobeh
Okawaru
Qazlal
Ru
Sif Muna
Trog
Uskayaw
Vehumet
Xom
Zin
The Shining One

Shops:
D:3 ?   D:4 [


Innate Abilities, Weirdness & Mutations

You have a pair of horns on your head.
You reflexively headbutt those who attack you in melee.


Message History

You hit the steam dragon but do no damage.
The steam dragon is severely wounded.
You are engulfed in a cloud of scalding steam.
The orc warrior hits you but does no damage.
The steam dragon closely misses you. You furiously retaliate!
You headbutt the steam dragon, but do no damage.
The steam dragon misses you.
The orc warrior hits you from afar with a +0 halberd.
* * * LOW HITPOINT WARNING * * *
You block the steam dragon's attack. The steam dragon closely misses you.
You hit the steam dragon but do no damage.
You headbutt the steam dragon, but do no damage.
The steam dragon is severely wounded.
You are engulfed in a cloud of scalding steam.
* * * LOW HITPOINT WARNING * * *
The orc warrior misses you. You block the steam dragon's attack.
The steam dragon misses you.
You feel better.
The orc warrior hits you but does no damage.
The steam dragon bites you.
* * * LOW HITPOINT WARNING * * *
The steam dragon closely misses you.
You hit the steam dragon.
The steam dragon is severely wounded.
You block the orc warrior's attack. The steam dragon breathes steam at you.
The ball of steam hits you!
* * * LOW HITPOINT WARNING * * *
You hit the steam dragon.
You headbutt the steam dragon, but do no damage.
The steam dragon is almost dead.
You are engulfed in a cloud of scalding steam.
* * * LOW HITPOINT WARNING * * *
The orc warrior hits you from afar with a +0 halberd.
* * * LOW HITPOINT WARNING * * *
The steam dragon barely misses you. You furiously retaliate!
You headbutt the steam dragon!
You kill the steam dragon!
The orc warrior hits you from afar with a +0 halberd!
You die...

# #. #.## ...
######.##
.......o#######
.......)o@ยงยง..####
........#####..(.####
........# ####....##
........# ####..##
........# ##..####
........# ##.....
........# ######
#########


You could see an orc warrior and an orc.

Vanquished Creatures
  A cyclops (D:8)
  A troll (D:8)
  Prince Ribbit (D:7)
  Eustachio (D:4)
  A steam dragon (D:9)
  An acid dragon (D:9)
  2 water moccasins
  Duvessa (D:4)
  Edmund (D:4)
  A sky beast (D:8)
  An orc warrior (D:7)
  2 ice beasts
  3 black bears
  3 ogres
  A centaur (D:7)
  4 kobold brigands
  A gnoll sergeant (D:8)
  2 bullfrogs (D:7)
  2 scorpions (D:5)
  Dowan (D:4)
  3 killer bees (D:8)
  3 howler monkeys (D:9)
  10 orc priests
  Crazy Yiuf (D:3)
  A jelly (D:5)
  3 hounds
  Jessica (D:3)
  3 iguanas
  Ijyb (D:4)
  Natasha (thrice) (D:4)
  17 orc wizards
  4 gnolls (D:8)
  5 adders
  A shadow imp (D:6)
  2 white imps
  An ufetubus (D:5)
  6 worms
  3 dart slugs
  35 orcs
  11 endoplasms
  2 giant cockroaches
  6 goblins
  A hobgoblin (D:4)
  6 quokkas
  8 ball pythons
  7 bats
  3 frilled lizards
  23 kobolds
  6 rats
207 creatures vanquished.

Vanquished Creatures (others)
  An orc (D:9)
  11 fungi
  7 plants
19 creatures vanquished.

Grand Total: 226 creatures vanquished

Notes
Turn   | Place    | Note
-------+----------+-------------------------------------------
     0 | D:1      | Harunobu the Minotaur Monk began the quest for the Orb.
     0 | D:1      | Reached XP level 1. HP: 19/19 MP: 0/0
    62 | D:1      | Reached XP level 2. HP: 18/27 MP: 1/1
   447 | D:1      | Reached XP level 3. HP: 33/33 MP: 2/2
  1070 | D:2      | Reached XP level 4. HP: 39/41 MP: 3/3
  1359 | D:3      | Found Zubiov's Magic Scroll Shoppe.
  1760 | D:3      | Reached skill level 5 in Fighting
  1760 | D:3      | Reached XP level 5. HP: 48/48 MP: 4/4
  1896 | D:3      | Bought a scroll of brand weapon for 114 gold pieces
  1896 | D:3      | Bought a scroll of identify for 24 gold pieces
  1949 | D:3      | Noticed Jessica
  1958 | D:3      | Killed Jessica
  2146 | D:3      | Found a faded altar of an unknown god.
  2294 | D:3      | Found a hazy altar of Hepliaklqana.
  2403 | D:3      | Found a runed translucent door.
  2404 | D:3      | Noticed Crazy Yiuf
  2552 | D:3      | Killed Crazy Yiuf
  2691 | D:4      | Noticed Dowan
  2692 | D:4      | Noticed Duvessa
  2700 | D:4      | Killed Duvessa
  2701 | D:4      | Reached skill level 5 in Dodging
  2701 | D:4      | Reached XP level 6. HP: 24/57 MP: 5/5
  2709 | D:4      | Killed Dowan
  2794 | D:4      | Found Osiphodu's Armour Shoppe.
  2856 | D:4      | Noticed Natasha
  2859 | D:4      | Killed Natasha
  2910 | D:4      | Noticed Edmund
  2911 | D:4      | Noticed Eustachio
  2917 | D:4      | Noticed Natasha
  2921 | D:4      | Killed Edmund
  2922 | D:4      | Reached XP level 7. HP: 64/64 MP: 6/6
  2925 | D:4      | Killed Natasha
  2932 | D:4      | Killed Eustachio
  3076 | D:4      | Noticed Natasha
  3084 | D:4      | Killed Natasha
  3101 | D:4      | Noticed Ijyb
  3184 | D:4      | Killed Ijyb
  3311 | D:4      | Reached skill level 5 in Stealth
  3418 | D:4      | Reached XP level 8. HP: 72/73 MP: 7/7
  3908 | D:5      | Entered Level 5 of the Dungeon
  5043 | D:5      | Found a shimmering altar of Xom.
  5503 | D:6      | Reached XP level 9. HP: 76/82 MP: 8/8
  6121 | D:7      | Noticed Prince Ribbit
  6132 | D:7      | Killed Prince Ribbit
  6186 | D:7      | Found a staircase to the Ecumenical Temple.
  6227 | Temple   | Entered the Ecumenical Temple
  6250 | Temple   | Became a worshipper of the Shining One
  6250 | Temple   | Reached * piety under the Shining One
  6250 | Temple   | Reached ** piety under the Shining One
  7272 | D:8      | Noticed a troll
  7382 | D:8      | Reached skill level 10 in Fighting
  7533 | D:8      | Killed a troll
  7602 | D:8      | Noticed a cyclops
  8053 | D:8      | Killed a cyclops
  8054 | D:8      | Reached XP level 10. HP: 22/94 MP: 9/9
  8704 | D:8      | Found a glowing silver altar of Zin.
  8827 | D:9      | Reached skill level 10 in Dodging
  9054 | D:9      | Found a sparkling altar of Nemelex Xobeh.
  9174 | D:9      | Slain by an orc warrior

Illustrated notes

Levels and vault maps discovered:
D:1:      giann_horns, layout_rooms, minmay_misc_feat_tower,
          serial_bayou_crossing
D:2:      layout_rooms, serial_bayou_ford_a, minmay_fractal_squares_5
D:3:      layout_rooms, mainiacjoe_overflow_six_doors_small,
          shapermc_ecumenical_altar_petra, serial_shops, shop, uniq_jessica,
          uniq_crazy_yiuf_cottage
D:4:      layout_loops_corners, serial_shops, shop, uniq_eustachio,
          uniq_duvessa, uniq_ijyb, uniq_edmund, uniq_natasha
D:5:      layout_basic, nicolae_overflow_hidden_temple, serial_aquarium,
          aquarium_bridge_straight [aquarium_subvault_bridge,
          aquarium_subvault_balcony, aquarium_subvault_bridge,
          aquarium_subvault_window], aquarium_bridge_straight
          [aquarium_subvault_bridge, aquarium_subvault_wall,
          aquarium_subvault_bridge, aquarium_subvault_window],
          aquarium_window_1, aquarium_window_fake, aquarium_window_corner,
          aquarium_view_2c, aquarium_view_2c, aquarium_balcony_5b,
          aquarium_pool_five
D:6:      layout_basic, roderic_lattice_a
D:7:      layout_gridville, minmay_temple_entry_tees, uniq_prince_ribbit1
D:8:      layout_basic, zin_statuary
D:9:      layout_roguey, general_overflow_altar, grunt_lair_entry_orc_guard_hut
Temple:   nicolae_temple_bog_church

Skill      XL: |  1  2  3  4  5  6  7  8  9 10 |
---------------+-------------------------------+-----
Fighting       | 4 5 6 7 8 10 | 10.9
Stealth        | 2 3 4 5 6 7 8 |  8.1
Dodging        | 4 5 6 8 9 10 | 10.1
Axes           | |  3.6

Action                   |  1- 3 |  4- 6 |  7- 9 | 10-12 || total
-------------------------+-------+-------+-------+-------++-------
Melee: Hand axe          |   109 |    65 |    38 |    66 ||   278
       Headbutt          |    12 |    26 |    78 |    19 ||   135
       Whip              |       |    12 |    26 |       ||    38
       Quarterstaff      |       |    40 |   170 |       ||   210
       Unarmed           |       |       |     5 |       ||     5
       Dagger            |       |       |    62 |       ||    62
       Punch             |       |       |     4 |       ||     4
  Use: Scroll            |       |     4 |       |       ||     4
       Potion            |       |     1 |     4 |     2 ||     7
 Stab: Invisible         |       |     1 |       |       ||     1
Armor: Robe              |    13 |       |       |       ||    13
       Chain mail        |    38 |    76 |   224 |    29 ||   367
       Acid dragon scale |       |       |       |     8 ||     8
Dodge: Dodged            |    62 |    39 |   201 |    56 ||   358
Block: Kite shield       |       |       |       |    14 ||    14

Table legend: (Time is in decaauts)
 A = Elapsed time spent in this place.
 B = Non-inter-level travel time spent in this place.
 C = Inter-level travel time spent in this place.
 D = Time resting spent in this place.
 E = Time spent auto-exploring this place.
 F = Levels seen in this place.
 G = Mean time per level.
                   A        B        C        D        E       F      G
               +--------+--------+--------+--------+--------+-----+--------+
         Total |   9298 |   8667 |    631 |   1955 |   4609 |  10 |  929.8 |
       Dungeon |   9264 |   8642 |    622 |   1955 |   4609 |   9 | 1029.3 |
        Temple |     34 |     25 |      9 |      0 |      0 |   1 |   34.0 |
               +--------+--------+--------+--------+--------+-----+--------+

Top non-repeatable levels by time:
     D:4: 1488 daAuts
     D:8: 1431 daAuts
     D:7: 1240 daAuts
     D:5: 1162 daAuts
     D:2: 1143 daAuts
     D:3: 972 daAuts
     D:6: 907 daAuts
     D:1: 548 daAuts
     D:9: 370 daAuts
  Temple: 34 daAuts
